 Dungeon Crawl Stone Soup version 0.26-a0-966-gd078a86f14 (webtiles) character file.

Game seed: 8928202904354498386

39 Alado the Grasshopper (level 3, 0/31 HPs)
             Began as a Palentonga Warper on Dec 3, 2020.
             Slain by a frilled lizard (1 damage)
             ... on level 2 of the Dungeon.
             The game lasted 00:06:14 (1006 turns).

Alado the Grasshopper (Palentonga Warper)           Turns: 1006, Time: 00:06:15

Health: 0/31       AC:  4    Str: 15    XL:     3   Next: 28%
Magic:  6/6        EV:  9    Int: 13    God:
Gold:   24         SH:  0    Dex:  9    Spells: 4/6 levels left

rFire    . . .     SeeInvis +   a - +0 spear
rCold    . . .     Faith    .   (no shield)
rNeg     . . .     Spirit   .   b - +0 leather armour
rPois    .         Reflect  .   (no helmet)
rElec    .         Harm     .   (no cloak)
rCorr    .         Rampage  .   (no gloves)
MR       .....                  (no barding)
Stlth    +.........             (no amulet)
HPRegen  0.10/turn              (no ring)
MPRegen  0.10/turn              (no ring)

@: no status effects
A: large, rugged brown scales 3, see invisible, deformed body, roll 1, armoured
tail
a: Rolling Charge


You were on level 2 of the Dungeon.
You visited 1 branch of the dungeon, and saw 2 of its levels.

You collected 24 gold pieces.

Inventory:

Hand Weapons
 a - a +0 spear (weapon)
Missiles
 e - 4 boomerangs of dispersal
 f - 13 poisoned darts (quivered)
Armour
 b - a +0 leather armour (worn)
Scrolls
 c - a scroll of teleportation
 d - a scroll of blinking


   Skills:
 + Level 2.3 Fighting
 + Level 2.3 Polearms
 + Level 0.6 Throwing
 + Level 1.3 Armour
 + Level 1.6 Dodging
 + Level 2.2 Spellcasting
 + Level 3.3 Translocations


You had 4 spell levels left.
You knew the following spells:

 Your Spells              Type           Power        Failure   Level
a - Blink                 Tloc           N/A          12%         2

Your spell library contained the following spells:

 Spells                   Type           Power        Failure   Level
 Gell's Gravitas          Tloc           ##........   24%         3
 Lesser Beckoning         Tloc           ##........   24%         3
 Teleport Other           Tloc           ##......     24%         3
 Passage of Golubria      Tloc           N/A          61%         4


Dungeon Overview and Level Annotations

Branches:
Dungeon (2/15)

Altars:


Innate Abilities, Weirdness & Mutations

You are completely covered in rugged brown scales. (AC +3, +7% HP)
You have supernaturally acute eyesight. (SInv)
Armour fits poorly on your strangely shaped body.
You can roll at nearby foes to attack.
You have a long armoured tail.


Message History

The dart slug is almost dead.
The jackal barely misses you.
You closely miss the jackal.
Your tail-slap misses the jackal.
The jackal is severely wounded.
The jackal closely misses you. The dart slug launches a dart at you.
The slug dart hits you.
* * * LOW HITPOINT WARNING * * *
A frilled lizard comes into view.
The jackal barely misses you.
The frilled lizard hisses angrily.
You hit the dart slug.
You kill the dart slug!
The jackal bites you but does no damage.
You hit the jackal.
You kill the jackal!
You miss the frilled lizard.
The frilled lizard bites you but does no damage.
You miss the frilled lizard. The frilled lizard bites you.
You die...

....<. ..
.....### ..
....... ..
#...#.##.#
#...... .#
#..#.# (#
##.##..#.##†#
.......<.l@.#
.!.###†#.####
#.#.# #h#h#
#.#.# #.#(#
....# .....


You could see a frilled lizard.

Vanquished Creatures
  A dart slug (D:2)
  A leopard gecko (D:1)
  5 goblins (D:1)
  5 hobgoblins (D:1)
  4 jackals (D:2)
  3 kobolds (D:1)
  7 bats
  7 rats (D:1)
33 creatures vanquished.

Notes
Turn   | Place    | Note
-------+----------+-------------------------------------------
     0 | D:1      | Alado the Palentonga Warper began the quest for the Orb.
     0 | D:1      | Reached XP level 1. HP: 18/18 MP: 3/3
    37 | D:1      | Reached skill level 1 in Armour
   453 | D:1      | Reached XP level 2. HP: 23/25 MP: 5/5
   456 | D:1      | Learned a level 2 spell: Blink
   938 | D:1      | Reached XP level 3. HP: 31/31 MP: 6/6
  1002 | D:2      | HP: 1/31 [dart slug/slug dart (3)]
  1006 | D:2      | Slain by a frilled lizard

Illustrated notes

Levels and vault maps discovered:
D:1:      dpeg_arrival_pond, layout_basic
D:2:      layout_basic

Skill      XL: |  1  2 |
---------------+-------+-----
Armour         | 1 |  1.3
Polearms       | 2 |  2.3
Fighting       | |  2.3
Throwing       | |  0.6
Dodging        | |  1.6
Spellcasting   | |  2.2
Translocations | |  3.3

Action                   || total
-------------------------++-------
Melee: Spear             ||   109
       Tailslap          ||     5
Throw: Dart              ||     8
       Boomerang         ||     1
  Use: Scroll            ||     2
Armor: Leather armour    ||    30
Dodge: Dodged            ||    48

Table legend: (Time is in decaauts)
 A = Elapsed time spent in this place.
 B = Non-inter-level travel time spent in this place.
 C = Inter-level travel time spent in this place.
 D = Time resting spent in this place.
 E = Time spent auto-exploring this place.
 F = Levels seen in this place.
 G = Mean time per level.
                   A        B        C        D        E       F      G
               +--------+--------+--------+--------+--------+-----+--------+
         Total |   1005 |    987 |     18 |    165 |    615 |   2 |  502.5 |
       Dungeon |   1005 |    987 |     18 |    165 |    615 |   2 |  502.5 |
               +--------+--------+--------+--------+--------+-----+--------+

Top non-repeatable levels by time:
     D:1: 964 daAuts
     D:2: 41 daAuts
